 Dungeon Crawl Stone Soup version 0.30.0-30-g96aa6591b8 (webtiles) character file.

Game seed: 12568950674896900674

429 tizbic2 the Vexing (level 6, -5/35 HPs)
             Began as a Vampire Hexslinger on June 30, 2023.
             Slain by Pikel
             ... wielding a +2 whip of electrocution
              (7 damage)
             ... on level 4 of the Dungeon.
             The game lasted 00:14:04 (2472 turns).

tizbic2 the Vexing (Vampire Hexslinger)             Turns: 2472, Time: 00:14:05

Health: -5/35      AC:  0    Str:  7 (9)  XL:     6   Next: 66%
Magic:  7/9        EV: 21    Int: 13 (15) God:
Gold:   69         SH:  0    Dex: 20 (22) Spells: 8/9 levels left

rFire   . . .        a - melded +0 long sword
rCold   + + .        (shield currently unavailable)
rNeg    + + +        j - melded +0 leather armour
rPois   ∞            (helmet currently unavailable)
rElec   .            (cloak currently unavailable)
rCorr   .            n - melded +1 pair of gloves of the Armoured One {Drain +Inv rF+++ Stlth+}
SInv    +            (boots currently unavailable)
Will    .....        (no amulet)
Stlth   +++++        f - melded ring "Uhaolino" {rPois Str+6 Dex+2}
HPRegen 0.00/turn    (ring currently unavailable)
MPRegen 0.11/turn

%: no passive effects
@: bat-form, flying, bloodless, inhibited regen, very quick
A: fast, flying, no casting, tiny, bloodless, fangs 3, see invisible, vampiric 2
a: Revivify, End Transformation


You were on level 4 of the Dungeon.
You were a vampire bat.
You visited 1 branch of the dungeon, and saw 4 of its levels.

You collected 69 gold pieces.

Inventory:

Hand Weapons
 a - a +0 long sword (melded)
 e - a +0 dagger
 q - a +0 great sword
 w - a +2 sling of draining
Missiles
 g - 48 stones
Armour
 c - a +0 robe
 j - a +0 leather armour (melded)
 n - the +1 pair of gloves of the Armoured One (melded) {Drain +Inv rF+++ Stlth+}
   (You found it on level 2 of the Dungeon)

   rF:        It renders you almost immune to fire.
   +Inv:      It lets you turn invisible.
   Drain:     It drains your maximum health when unequipped.
   Stlth:     It makes you more stealthy.
Jewellery
 f - the ring "Uhaolino" (melded) {rPois Str+6 Dex+2}
   (You found it on level 3 of the Dungeon)

   [ring of strength]

   Str:       It affects your strength (+6).
   Dex:       It affects your dexterity (+2).
   rPois:     It protects you from poison.
Wands
 h - a wand of quicksilver (13)
 k - a wand of flame (17)
 u - a wand of iceblast (7)
Scrolls
 b - a scroll of poison
 m - a scroll of butterflies {unknown}
 o - a scroll of fear {unknown}
 s - a scroll of enchant armour
 t - a scroll of identify
Potions
 d - 3 potions of brilliance
 i - 3 potions of curing
 l - a potion of flight {unknown}
 p - a potion of lignification
 r - 2 potions of attraction


   Skills:
 + Level 2.1 Fighting
 * Level 3.3 Ranged Weapons
 + Level 3.4 Dodging
 + Level 3.0 Stealth
 + Level 2.1 Spellcasting
 + Level 0.7 Conjurations
 + Level 5.7 Hexes
 + Level 2.1 Necromancy


You had 8 spell levels left.
You knew the following spells:

 Your Spells              Type           Power      Damage    Failure   Level
a - Slow                  Hex            64%        N/A       2%          1

Your spell library contained the following spells:

 Spells                   Type           Power      Damage    Failure   Level
 Necrotise                Necr           24%        1d5       11%         1
 Magic Dart               Conj           12%        1d3       19%         1
 Inner Flame              Hex/Fire       8%         N/A       24%         3
 Portal Projectile        Hex/Tloc       16%        N/A       24%         3
 Cause Fear               Hex            8%         N/A       24%         4
 Vampiric Draining        Necr           6%         2d6       32%         3
 Call Imp                 Summ           2%         N/A       36%         2
 Mephitic Cloud           Conj/Pois/Air  1%         N/A       56%         3
 Agony                    Necr           6%         N/A       96%         5


Dungeon Overview and Level Annotations

Branches:
Dungeon (4/15)
 Temple: D:4-7

Altars:
Fedhas
Hepliaklqana
Okawaru
Sif Muna
Uskayaw
Wu Jian

Annotations:
D:4 Pikel


Innate Abilities, Weirdness & Mutations

You are a vampire bat.
You are tiny and dextrous.
You move quickly.
You are flying.
You are immune to poison.
Your equipment is almost entirely melded.
You are incapable of wielding weapons or throwing items.
You cannot cast spells.
You do not regenerate when monsters are visible.
You are frail without blood (-20% HP).
You can heal yourself when you bite living creatures.
You are immune to poison.
You have razor-sharp teeth.
You have supernaturally acute eyesight. (SInv)
You are afflicted with vampirism and can become a bat while bloodless.


Message History

The lemure is moderately wounded.
The lemure barely misses you.
You shoot a sling bullet. The sling bullet hits the lemure.
The lemure is heavily wounded.
The lemure barely misses you.
You shoot a sling bullet.
The sling bullet closely misses the lemure.
The sling bullet hits the lemure but does no damage.
The lemure hits you.
You shoot a sling bullet.
The sling bullet barely misses the lemure.
The sling bullet hits the lemure.
The lemure is lightly wounded.
The lemure closely misses you.
a - a +0 long sword (weapon)
You hit the lemure but do no damage.
The lemure is heavily wounded.
The lemure barely misses you.
You slash Pikel!
Pikel is moderately wounded.
The lemure misses you.
Pikel hits you with a +2 whip of electrocution.
The lemure barely misses you.
You closely miss Pikel.
Pikel is moderately wounded.
Pikel hits you with a +2 whip of electrocution!
You are electrocuted!
* * * LOW HITPOINT WARNING * * *
The lemure hits you.
* * * LOW HITPOINT WARNING * * *
A lemure comes into view.
Okay, then.
You turn into a vampire bat.
Your +0 long sword melds into your body.
The +1 pair of gloves of the Armoured One {Drain +Inv rF+++ Stlth+} melds into your body.
Your +0 leather armour melds into your body.
The ring "Uhaolino" {rPois Str+6 Dex+2} melds into your body.
You feel weaker.
You feel weakened.
You feel dopey.
You feel clumsy.
Pikel hits you with a +2 whip of electrocution!
You die...

##### #########
....####.......#################
....#..+.......#......[........#
....#..#......5Kb..............#
....#..#......5#5..............#
....#..#.....5.#...............#
....#..#.......#...............#
....#..#......K#####+######..###
....#..#.........5.... #..#
....#..'...........5.K. #..#
....#..#...............5 #..#
....####................. #..#


You could see Pikel and 4 lemures.

Vanquished Creatures
  Sigmund (D:3)
  A scorpion (D:3)
  A hound (D:3)
  A sleepcap (D:4)
  Jessica (D:3)
  An orc wizard (D:3)
  2 gnolls (D:2)
  2 adders
  2 dart slugs
  7 orcs (D:3)
  3 ball pythons
  5 endoplasms
  2 giant cockroaches (D:1)
  2 goblins (D:3)
  7 hobgoblins
  2 quokkas
  3 bats
  2 frilled lizards
  9 kobolds
  4 rats
58 creatures vanquished.

Notes
Turn   | Place    | Note
-------+----------+-------------------------------------------
     0 | D:1      | tizbic2 the Vampire Hexslinger began the quest for the Orb.
     0 | D:1      | Reached XP level 1. HP: 14/14 MP: 2/2
    62 | D:1      | Reached skill level 1 in Fighting
   229 | D:1      | Reached XP level 2. HP: 21/21 MP: 3/3
   451 | D:1      | Found a faded altar of an unknown god.
   979 | D:2      | Gained mutation: You are afflicted with vampirism and can
                  | become a bat while bloodless. [Vampire growth]
   979 | D:2      | Reached XP level 3. HP: 17/26 MP: 2/4
  1068 | D:2      | Identified the +1 pair of gloves of the Armoured One {Drain
                  | +Inv rF+++ Stlth+}
  1644 | D:3      | Noticed a scorpion
  1648 | D:3      | Killed a scorpion
  1649 | D:3      | Reached skill level 1 in Stealth
  1649 | D:3      | Reached skill level 5 in Hexes
  1649 | D:3      | Reached skill level 1 in Necromancy
  1649 | D:3      | Reached XP level 4. HP: 25/25 MP: 4/6
  1663 | D:3      | Found a hide-covered altar of Uskayaw.
  1668 | D:3      | Found a blossoming altar of Fedhas.
  1672 | D:3      | Found a shimmering blue altar of Sif Muna.
  1674 | D:3      | Found a hazy altar of Hepliaklqana.
  1677 | D:3      | Found an iron altar of Okawaru.
  1682 | D:3      | Found an ornate altar of the Wu Jian Council.
  1768 | D:3      | Reached XP level 5. HP: 26/29 MP: 7/7
  1889 | D:3      | HP: 1/29 [orc wizard/+0 dagger (2)]
  1989 | D:3      | Identified the ring "Uhaolino" {rPois Str+6 Dex+2}
  2018 | D:3      | Noticed Jessica
  2021 | D:3      | Killed Jessica
  2034 | D:3      | Noticed Sigmund
  2053 | D:3      | Killed Sigmund
  2054 | D:3      | Reached XP level 6. HP: 33/35 MP: 7/9
  2457 | D:4      | Noticed Pikel
  2472 | D:4      | Slain by Pikel

Illustrated notes

Levels and vault maps discovered:
D:1:      arrival_zaba_pyramid, layout_loops_ring, basic_ecumenical_altar,
          chequers_mini_garden, grunt_decor_mini_mirrors,
          chequers_serial_rivers_small_3, serial_park_tiny_pond
D:2:      layout_basic, serial_rivers, chequers_serial_rivers_micro_e,
          chequers_serial_rivers_small_b, chequers_serial_rivers_micro_a,
          chequers_serial_rivers_micro_b, chequers_serial_rivers_room_a,
          chequers_serial_rivers_micro_e
D:3:      layout_basic, nicolae_overflow_hallway_of_the_gods,
          serial_corexii_hall, corexii_hall_statues_u, corexii_hall_statues_t,
          guppyfry_early_orc_mine, uniq_jessica, uniq_sigmund
D:4:      layout_gridville, uniq_pikel

Skill      XL: |  1  2  3  4  5  6 |
---------------+-------------------+-----
Fighting       | 1 2 |  2.1
Ranged Weapons | 2 3 |  3.3
Stealth        | 1 2 3 |  3.0
Hexes          | 5 |  5.7
Necromancy     | 1 2 |  2.1
Dodging        | 3 |  3.4
Spellcasting   | 2 |  2.1
Conjurations   | |  0.7

Action                     |  1- 3 |  4- 6 || total
---------------------------+-------+-------++-------
  Melee: Long sword        |     7 |     3 ||    10
         Great sword       |     2 |       ||     2
         Dagger            |       |    27 ||    27
         Bite              |       |     3 ||     3
   Fire: Sling             |    74 |    77 ||   151
   Cast: Slow              |     9 |     5 ||    14
Ability: Exsanguinate      |     1 |       ||     1
         Bat Form          |       |     1 ||     1
  Evoke: Wand              |       |     1 ||     1
    Use: Scroll            |    10 |       ||    10
         Potion            |       |     3 ||     3
 Armour: Robe              |     1 |       ||     1
         Leather armour    |     7 |    12 ||    19
  Dodge: Dodged            |    26 |    40 ||    66
